 Dungeon Crawl Stone Soup version 0.24-a0-616-ge2a249a6fd (webtiles) character file.

Game seed: 6455330132191152547, levelgen mode: deterministic

2616 Ishchenko the Tainter (level 9, -2/74 HPs)
             Began as a Naga Venom Mage on Sept 14, 2019.
             Was an Initiate of Ru.
             Shot with an arrow by a centaur (12 damage)
             ... on level 8 of the Dungeon.
             The game lasted 01:07:18 (9556 turns).

Ishchenko the Tainter (Naga Venom Mage)             Turns: 9556, Time: 01:07:18

Health: -2/74      AC: 10    Str:  8    XL:     9   Next: 60%
Magic:  18/18      EV:  9    Int: 18    God:    Ru [......]
Gold:   429        SH:  0    Dex: 13    Spells: 5/20 levels left

rFire    . . .     SeeInvis +   i - +1 dagger (drain)
rCold    + . .     Gourm    .   (no shield)
rNeg     . . .     Faith    .   y - +0 robe
rPois    +         Spirit   .   (no helmet)
rElec    .         Reflect  .   m - +0 cloak
rCorr    .         Harm     .   (no gloves)
MR       +....                  A - +1 naga barding
Stlth    +++.......             F - amulet of magic regeneration
HPRegen  0.22/turn              l - ring of ice
MPRegen  0.41/turn              E - ring of protection from fire

@: very slow
A: large, see invisible, deformed body, poison resistance, slowness 2, slow
metabolism 1, spit poison 1, weak 1, AC +3
a: Spit Poison, Renounce Religion


You were on level 8 of the Dungeon.
You worshipped Ru.
Ru was noncommittal.
You were not hungry.

You visited 2 branches of the dungeon, and saw 9 of its levels.

You collected 429 gold pieces.

Inventory:

Hand Weapons
 i - a +1 dagger of draining (weapon)
 j - a +3 dagger
 C - a +3 whip
Armour
 m - a +0 cloak (worn)
 y - a +0 robe (worn)
 A - a +1 naga barding (worn)
Jewellery
 l - a ring of ice (left hand)
 E - a ring of protection from fire (right hand)
 F - an amulet of magic regeneration (around neck)
 G - an uncursed ring of see invisible
Wands
 B - a wand of paralysis (9)
 H - a wand of flame (26)
Scrolls
 b - a scroll of identify
 e - 5 scrolls of remove curse
 g - 2 scrolls of fog
 k - 3 scrolls of teleportation
 p - 6 scrolls of amnesia
 r - a scroll of immolation {unknown}
 s - 5 scrolls of enchant weapon
 t - 3 scrolls of random uselessness
 x - a scroll of enchant armour {unknown}
 z - 3 scrolls of blinking
Potions
 d - a potion of heal wounds {unknown}
 h - 2 potions of resistance
 n - a potion of agility {unknown}
 o - 2 potions of curing
 q - 2 potions of lignification
 u - a potion of brilliance {unknown}
 v - a potion of degeneration {unknown}
 w - a potion of flight {unknown}
 D - a potion of might {unknown}
Comestibles
 c - 17 rations


   Skills:
 + Level 2.7 Fighting
 + Level 3.3 Short Blades
 + Level 2.9 Maces & Flails
 + Level 3.7 Dodging
 + Level 5.4 Stealth
 + Level 6.1 Spellcasting
 + Level 4.9 Conjurations
 + Level 2.3 Air Magic
 + Level 8.2 Poison Magic


You had 5 spell levels left.
You knew the following spells:

 Your Spells              Type           Power        Failure   Level  Hunger
a - Sting                 Conj/Pois      ####         1%          1    None
b - Poisonous Vapours     Pois/Air       ###...       1%          2    None
c - Mephitic Cloud        Conj/Pois/Air  ###.....     4%          3    ##.....
d - Olgreb's Toxic Radia  Pois           #####...     4%          4    ####...
e - Venom Bolt            Conj/Pois      ####......   22%         5    #####..

Your spell library contained the following spells:

 Spells                   Type           Power        Failure   Level  Hunger


Dungeon Overview and Level Annotations

Branches:
Dungeon (8/15)             Temple (1/1) D:4
   Lair: D:8-11

Altars:
Cheibriados
Dithmenos
Elyvilon
Fedhas
Gozag
Hepliaklqana
Kikubaaqudgha
Makhleb
Nemelex Xobeh
Okawaru
Qazlal
Ru
Sif Muna
Trog
Uskayaw
Vehumet
Wu Jian
Xom
Yredelemnul
Zin
The Shining One

Annotations:
D:7 2 transporters, MirrMurr's ghost, amateur CeBe


Innate Abilities, Weirdness & Mutations

You cannot wear boots.
Your serpentine skin is tough. (AC +3)
You have supernaturally acute eyesight. (SInv)
Armour fits poorly on your strangely shaped body.
Your system is resistant to poisons. (rPois)
You cover ground very slowly.
You have a slow metabolism.
You can spit poison.
You are weak. (Str -2)


Message History

The centaur shoots an arrow.
The arrow hits you!
The centaur shoots an arrow.
The arrow hits you.
The centaur shoots an arrow.
The arrow hits you!
The centaur shoots an arrow.
The arrow hits you.
The centaur shoots an arrow.
The arrow hits you but does no damage.
The centaur shoots an arrow.
The arrow hits you.
The centaur shoots an arrow.
The arrow barely misses you.
The centaur shoots an arrow.
The arrow hits you but does no damage.
The centaur shoots an arrow.
The arrow hits you but does no damage.
The centaur shoots an arrow.
The arrow hits you but does no damage.
The centaur looks more healthy.
The centaur shoots an arrow.
The arrow hits you!
The centaur shoots an arrow.
The arrow hits you.
The centaur shoots an arrow.
The arrow hits you.
The centaur shoots an arrow.
The arrow hits you.
* * * LOW HITPOINT WARNING * * *
The centaur shoots an arrow.
The arrow hits you!
* * * LOW HITPOINT WARNING * * *
The centaur shoots an arrow.
The arrow hits you!
You die...

## .. .. +. #.# .# ##
#.# c# #.# .# #.# .#
# #.# .# #+#
#.##.###.# #.#
#......@.# ######.##
####.##### #.......#
#.# #.###...##### #.#
#.##.........
#.#######.##....#.###
#......).......(..# #
#########.##....#.###
#.#####.#....
#.#####.#####


You could see a centaur.

Vanquished Creatures
  A troll (D:7)
  A hippogriff (D:7)
  An ice beast (D:6)
  A sky beast (D:5)
  An orc warrior (D:4)
  3 centaurs
  An eye of draining (D:8)
  4 ogres
  3 bullfrogs
  A water moccasin zombie (D:7)
  4 scorpions
  A howler monkey (D:4)
  2 crimson imps
  A centaur zombie (D:6)
  An orc priest (D:4)
  2 hounds
  An orc wizard (D:6)
  A centaur skeleton (D:5)
  Terence (D:2)
  2 worker ants
  2 iguanas
  A hound skeleton (D:5)
  15 gnolls
  9 adders
  2 shadow imps
  An adder zombie (D:5)
  3 oozes
  3 worms (D:2)
  6 dart slugs
  2 leopard geckos
  35 orcs
  A ball python (D:2)
  5 bats
  7 giant cockroaches
  17 goblins
  10 hobgoblins
  3 jackals (D:3)
  A quokka (D:2)
  4 frilled lizards
  2 jackal skeletons (D:4)
  19 kobolds
  A quokka skeleton (D:4)
  10 rats
192 creatures vanquished.

Vanquished Creatures (others)
  An orc wizard (D:4)
  A worker ant (D:4)
2 creatures vanquished.

Grand Total: 194 creatures vanquished

Notes
Turn   | Place    | Note
-------+----------+-------------------------------------------
     0 | D:1      | Ishchenko the Naga Venom Mage began the quest for the Orb.
     0 | D:1      | Reached XP level 1. HP: 15/15 MP: 3/3
   254 | D:1      | Reached XP level 2. HP: 22/22 MP: 1/5
   749 | D:1      | Reached XP level 3. HP: 28/28 MP: 0/6
   998 | D:2      | Learned a level 2 spell: Poisonous Vapours
  1002 | D:2      | Learned a level 3 spell: Mephitic Cloud
  1034 | D:2      | Noticed Terence
  1045 | D:2      | Killed Terence
  1045 | D:2      | Reached XP level 4. HP: 29/36 MP: 1/8
  1539 | D:2      | Found a hide-covered altar of Uskayaw.
  2216 | D:2      | Reached XP level 5. HP: 42/42 MP: 7/9
  2799 | D:3      | Learned a level 4 spell: Olgreb's Toxic Radiance
  3347 | D:4      | Noticed an orc warrior
  3366 | D:4      | Killed an orc warrior
  3366 | D:4      | Reached skill level 1 in Short Blades
  3366 | D:4      | Reached skill level 5 in Poison Magic
  3366 | D:4      | Reached XP level 6. HP: 47/50 MP: 3/11
  3515 | D:4      | Reached skill level 1 in Fighting
  3816 | D:4      | Found a shimmering altar of Xom.
  4083 | D:4      | Reached XP level 7. HP: 57/57 MP: 6/12
  4384 | D:4      | Found a staircase to the Ecumenical Temple.
  4393 | Temple   | Entered the Ecumenical Temple
  4518 | Temple   | Became a worshipper of Ru the Awakened
  4688 | D:5      | Entered Level 5 of the Dungeon
  4725 | D:5      | Reached skill level 1 in Air Magic
  4725 | D:5      | Reached skill level 6 in Poison Magic
  5835 | D:5      | Found a snail-covered altar of Cheibriados.
  5889 | D:5      | Reached XP level 8. HP: 66/66 MP: 9/14
  5896 | D:5      | Learned a level 5 spell: Venom Bolt
  5909 | D:5      | Found an iron altar of Okawaru.
  7001 | D:6      | Reached skill level 5 in Stealth
  7024 | D:6      | Reached skill level 7 in Poison Magic
  7033 | D:6      | Reached skill level 5 in Spellcasting
  7241 | D:6      | Found a glowing silver altar of Zin.
  7317 | D:6      | Reached skill level 1 in Maces & Flails
  7808 | D:6      | Found a sparkling altar of Nemelex Xobeh.
  7877 | D:7      | Found a white marble altar of Elyvilon.
  7889 | D:7      | Noticed a hippogriff
  7897 | D:7      | Reached XP level 9. HP: 73/73 MP: 13/17
  8146 | D:7      | Noticed a troll
  8771 | D:7      | Killed a troll
  8771 | D:7      | Reached skill level 8 in Poison Magic
  9015 | D:7      | Noticed MirrMurr's ghost (amateur CeBe)
  9076 | D:7      | Found a transporter.
  9080 | D:7      | Found a transporter.
  9297 | D:8      | Found a shadowy altar of Dithmenos.
  9343 | D:8      | Gained mutation: You are weak. (Str -2) [Ru sacrifice]
  9556 | D:8      | Shot with an arrow by a centaur

Levels and vault maps discovered:
D:1:      lemuel_arrival_rhombus, layout_basic
D:2:      layout_loops_ring, old_standard_altar, first_ration,
          chequers_mini_garden, minmay_misc_feat_plants, uniq_terence
D:3:      layout_loops_ring
D:4:      layout_rooms, xom_confusion_cloud, lemuel_temple_firewalk_b,
          kennysheep_generic_room_9
D:5:      layout_rooms, kennysheep_slug_shrine, okawaru_altar_gauntlet_db
D:6:      corexii_shantytown, layout_basic, nicolae_overflow_hidden_temple,
          nemelex_dance_club_becter
D:7:      layout_basic, elyvilon_altar_1, gammafunk_ghost_smash,
          minmay_misc_feat_room
D:8:      layout_loops_corners, serial_shops, shop,
          nicolae_dithmenos_through_a_glass_darkly
Temple:   regret_index_temple_waves

Skill      XL: |  1  2  3  4  5  6  7  8  9 |
---------------+----------------------------+-----
Dodging        | 2 3 |  3.7
Spellcasting   | 3 4 5 6 |  6.1
Conjurations   | 2 3 4 |  4.9
Short Blades   | 1 2 3 |  3.3
Poison Magic   | 5 6 7 8 |  8.2
Fighting       | 1 2 |  2.7
Stealth        | 4 5 |  5.4
Air Magic      | 1 2 |  2.3
Maces & Flails | 1 2 |  2.9

Action                   |  1- 3 |  4- 6 |  7- 9 || total
-------------------------+-------+-------+-------++-------
Melee: Unarmed           |     1 |       |       ||     1
       Whip              |     6 |       |   129 ||   135
       Dagger            |    10 |    90 |   168 ||   268
 Cast: Sting             |    40 |    91 |   122 ||   253
       Mephitic Cloud    |     1 |     6 |    15 ||    22
       Poisonous Vapours |       |     3 |    10 ||    13
       Olgreb's Toxic Ra |       |     1 |     9 ||    10
       Venom Bolt        |       |       |    11 ||    11
Invok: Sacrifice Purity  |       |       |     1 ||     1
 Abil: Spit Poison       |       |     1 |       ||     1
  Use: Scroll            |       |       |    11 ||    11
       Potion            |       |       |     3 ||     3
 Stab: Confused          |       |     1 |     3 ||     4
       Distracted        |       |       |     1 ||     1
  Eat: Chunk             |       |     9 |    13 ||    22
       Ration            |       |       |     3 ||     3
Armor: Robe              |     6 |    20 |   139 ||   165
       Skin              |       |       |     7 ||     7
Dodge: Dodged            |    12 |    55 |   139 ||   206

Table legend:
 A = Non-vault XP
 B = Vault XP
 C = Vault XP percentage of total XP
 D = Non-vault monster count
 E = Vault monster count
 F = Vault count percentage of total count
                 A         B        C        D         E       F
            +---------+---------+-------+---------+---------+-------
      Total |    3352 |     386 |  10.3 |     146 |      46 |  24.0
            +---------+---------+-------+---------+---------+-------
        D:1 |      38 |       0 |   0.0 |      23 |       0 |   0.0
        D:2 |      92 |      38 |  29.2 |      30 |       1 |   3.2
        D:3 |     132 |       0 |   0.0 |      16 |       0 |   0.0
        D:4 |     326 |      54 |  14.2 |      22 |       4 |  15.4
        D:5 |     532 |      14 |   2.6 |      17 |       7 |  29.2
        D:6 |     762 |     280 |  26.9 |      17 |      34 |  66.7
        D:7 |    1067 |       0 |   0.0 |      17 |       0 |   0.0
        D:8 |     403 |       0 |   0.0 |       4 |       0 |   0.0
            +---------+---------+-------+---------+---------+-------
